 Dungeon Crawl Stone Soup version 0.29.1-15-g9cfb28693d (webtiles) character file.

Game seed: 12457917451305241538

16 Barneous the Sneak (level 2, 0/20 HPs)
             Began as a Draconian Wanderer on Mar 24, 2023.
             Slain by an adder (2 damage)
             ... on level 2 of the Dungeon.
             The game lasted 00:02:36 (618 turns).

Barneous the Sneak (Draconian Wanderer)              Turns: 618, Time: 00:02:38

Health: 0/20       AC:  5    Str: 11    XL:     2   Next: 41%
Magic:  2/3        EV: 12    Int: 12    God:
Gold:   98         SH:  0    Dex: 13    Spells: 2/3 levels left

rFire   . . .      SeeInvis .   a - +2 dagger
rCold   . . .      Faith    .   (no shield)
rNeg    . . .      Spirit   .   (body armour unavailable)
rPois   .          Reflect  .   (helmet restricted)
rElec   .          Harm     .   (no cloak)
rCorr   .          Rampage  .   c - +0 pair of gloves
Will    .....                   (no boots)
Stlth   ++........              (no amulet)
HPRegen 0.06/turn               (no ring)
MPRegen 0.08/turn               (no ring)

@: no status effects
A: AC +4, unfitting armour, cold-blooded
a: no special abilities


You were on level 2 of the Dungeon.
You visited 1 branch of the dungeon, and saw 2 of its levels.

You collected 98 gold pieces.

Inventory:

Hand Weapons
 a - a +2 dagger (weapon)
Armour
 c - a +0 pair of gloves (worn)
Jewellery
 e - a ring of magical power
Potions
 b - a potion of haste
 d - a potion of berserk rage


   Skills:
 * Level 0.4 Short Blades
 + Level 1.0 Throwing
 + Level 1.8 Dodging
 + Level 3.0 Stealth
 * Level 0.4 Unarmed Combat
 * Level 1.1 Spellcasting
 + Level 2.0 Summonings
 * Level 1.5 Invocations


You had 2 spell levels left.
You knew the following spells:

 Your Spells              Type           Power      Damage    Failure   Level
a - Summon Small Mammal   Summ           20%        N/A       13%         1

Your spell library contained the following spells:

 Spells                   Type           Power      Damage    Failure   Level
 Summon Guardian Golem    Hex/Summ       3%         N/A       52%         3


Dungeon Overview and Level Annotations

Branches:
Dungeon (2/15)

Altars:


Innate Abilities, Weirdness & Mutations

Your plain brown scales are hard. (AC +4)
You cannot fit into any form of body armour.
You are cold-blooded and may be slowed by cold attacks.


Message History

You are poisoned.
The adder poisons you!
You hit the adder but do no damage. You tail-slap the adder.
The adder is lightly wounded.
You feel sick. The adder barely misses you. The adder bites you.
You barely miss the adder.
The adder is lightly wounded.
You feel sick. The adder misses you.
You closely miss the adder.
Your tail-slap misses the adder.
The adder is lightly wounded.
You feel sick. The adder closely misses you.
You hit the adder.
The adder is heavily wounded.
You feel sick. The adder barely misses you.
You hit the adder but do no damage.
The adder is heavily wounded.
You feel sick.
You are no longer poisoned.
The adder bites you.
You are poisoned.
The adder poisons you! The adder barely misses you.
You miss the adder.
The adder is heavily wounded.
* * * LOW HITPOINT WARNING * * *
You feel sick. The adder barely misses you.
You barely miss the adder.
The adder is heavily wounded.
You feel sick. The adder bites you but does no damage.
You closely miss the adder.
The adder is heavily wounded.
You feel sick. The adder barely misses you. The adder misses you.
You closely miss the adder.
The adder is heavily wounded.
You feel sick. The adder bites you but does no damage.
Casting: Summon Small Mammal (safe; 13% risk of failure)
Press: ? - help, Q - select action Dir - look around, f - activate You feel sick.
You are no longer poisoned.
The adder bites you.
You die...

.# .#
####.##
#.....#
#.....#
#.....#
#.....#
######)....#
#<..##@....#
###.##S....#
#..r.##.##
####.# .#
#.# . #.# #
... ... ....


You could see an adder (ally target) and a friendly rat (summoned).

Vanquished Creatures
  2 endoplasms (D:1)
  3 giant cockroaches (D:1)
  2 goblins
  A quokka (D:1)
  A ball python (D:1)
  A bat (D:1)
  2 frilled lizards (D:1)
  A kobold (D:1)
  4 rats (D:1)
17 creatures vanquished.

Notes
Turn   | Place    | Note
-------+----------+-------------------------------------------
     0 | D:1      | Barneous the Draconian Wanderer began the quest for the
                  | Orb.
     0 | D:1      | Barneous set off with the following items: a +2 dagger, a
                  | potion of haste, a +0 pair of gloves, a potion of berserk
                  | rage; and the following spell memorised: Summon Small
                  | Mammal; and the following spells available to memorise:
                  | Summon Guardian Golem.
     0 | D:1      | Reached XP level 1. HP: 14/14 MP: 2/2
   196 | D:1      | Reached skill level 3 in Stealth
   196 | D:1      | Reached XP level 2. HP: 17/20 MP: 3/3
   618 | D:2      | Slain by an adder

Illustrated notes

Levels and vault maps discovered:
D:1:      dpeg_arrival_rooms_with_view, layout_rooms
D:2:      layout_basic, serial_undead, serial_undead_c, serial_undead_c,
          serial_undead_e, serial_undead_c, serial_undead_f, serial_undead_b,
          shapermc_ecumenical_altar_venn

Skill      XL: |  1 |
---------------+----+-----
Stealth        | 3 |  3.0
Short Blades   | |  0.4
Throwing       | |  1.0
Dodging        | |  1.8
Unarmed Combat | |  0.4
Spellcasting   | |  1.1
Summonings     | |  2.0
Invocations    | |  1.5

Action                   || total
-------------------------++-------
Melee: Dagger            ||    45
       Tailslap          ||     6
 Cast: Summon Small Mamm ||     1
  Use: Scroll            ||     6
       Potion            ||     4
 Stab: Sleeping          ||     2
Armor: Skin              ||     7
Dodge: Dodged            ||    34
